 Dungeon Crawl Stone Soup version 0.29.1-1-gd02db6906a (webtiles) character file.

Game seed: 18012538318872604070

140 swilekon the Cutter (level 5, -3/37 HPs)
             Began as an Octopode Monk on Sept 18, 2022.
             Killed from afar by Grinder (14 damage)
             ... with a puff of flame
             ... on level 4 of the Dungeon.
             The game lasted 00:06:20 (3149 turns).

swilekon the Cutter (Octopode Monk)                 Turns: 3149, Time: 00:06:20

Health: -3/37      AC:  1    Str: 10    XL:     5   Next: 23%
Magic:  5/5        EV: 14    Int: 13    God:
Gold:   98         SH:  0    Dex: 16    Spells: 4/4 levels left

rFire   . . .      SeeInvis .   i - +1 rapier (vorpal)
rCold   + . .      Faith    .   (no shield)
rNeg    . . .      Spirit   .   (helmet restricted)
rPois   .          Reflect  .   (no amulet)
rElec   .          Harm     .   k - ring of protection from cold
rCorr   .          Rampage  .   (no ring)
Will    .....                   (no ring)
Stlth   +++.......              (no ring)
HPRegen 0.12/turn               (no ring)
MPRegen 0.09/turn               (no ring)
                                (no ring)
                                (no ring)

@: no status effects
A: almost no armour, amphibious, 8 rings, camouflage 1, gelatinous body 1,
(nimble swimmer 1), tentacles
a: no special abilities


You were on level 4 of the Dungeon.
You visited 1 branch of the dungeon, and saw 4 of its levels.

You collected 154 gold pieces.
You spent 56 gold pieces at shops.

Inventory:

Hand Weapons
 i - a +1 vorpal rapier (weapon)
Jewellery
 c - a +6 ring of intelligence
 k - a ring of protection from cold (left tentacle)
 p - an amulet of regeneration
Wands
 a - a wand of acid (5)
Potions
 b - a potion of ambrosia
 e - 2 potions of brilliance
 g - 2 potions of curing
 h - a potion of might {unknown}
 l - 2 potions of cancellation
 m - 2 potions of heal wounds


   Skills:
 + Level 3.9 Fighting
 * Level 4.5 Short Blades
 + Level 3.8 Dodging
 - Level 2.6 Stealth


You had 4 spell levels left.
You didn't know any spells.
Your spell library contained the following spells:

 Spells                   Type           Power      Damage    Failure   Level
 Magic Dart               Conj           0%         1d3       30%         1
 Slow                     Hex            0%         N/A       30%         1
 Confusing Touch          Hex            0%         N/A       67%         3
 Dazzling Flash           Conj/Hex       0%         N/A       67%         3
 Frozen Ramparts          Ice            0%         1d1       67%         3
 Vampiric Draining        Necr           0%         2d6       67%         3
 Fulminant Prism          Conj/Hex       0%         3d6       97%         4
 Ice Form                 Ice/Tmut       0%         N/A       97%         4
 Summon Ice Beast         Ice/Summ       0%         N/A       97%         4
 Fireball                 Conj/Fire      0%         3d3       100%        5
 Starburst                Conj/Fire      0%         6d3       100%        6


Dungeon Overview and Level Annotations

Branches:
Dungeon (4/15)
 Temple: D:4-7

Altars:
Sif Muna

Shops:
D:2 ([

Annotations:
D:4 Grinder


Innate Abilities, Weirdness & Mutations

You cannot wear most types of armour.
You are amphibious.
You can wear up to eight rings at the same time.
Your skin changes colour to match your surroundings (Stealth+).
Your rubbery body absorbs attacks. (AC +1, EV +1)
((You are camouflaged when in or above water. (Stealth+)))
You have tentacles for arms and can constrict up to eight enemies at once.


Message History

You kill the goblin!
Grinder gestures at you. You resist with significant effort.
Grinder drinks a potion.
Grinder flickers and vanishes!
Deactivating autopickup; reactivate with Ctrl-A.
You see here a +0 dagger.
No target in view!
No target in view!
No target in view!
No target in view!
There is a strange disturbance nearby!
You hear a zap.
A puff of flame appears from out of thin air!
The puff of flame misses you.
You hear a zap.
A puff of flame appears from out of thin air!
The puff of flame misses you. Something barely misses you.
You closely miss something. Your squeeze misses something.
You hear a zap.
A puff of flame appears from out of thin air!
The puff of flame hits you!
You hit something. Something hits you but does no damage.
You hit something. Something barely misses you.
You hit something. Something hits you.
You puncture something! You barely miss something. You squeeze something.
You hear a zap.
A puff of flame appears from out of thin air!
The puff of flame misses you.
You miss something.
You hear a zap.
A puff of flame appears from out of thin air!
The puff of flame hits you!
* * * LOW HITPOINT WARNING * * *
You hit something.
You hear a zap.
A puff of flame appears from out of thin air!
The puff of flame hits you!
You die...

.. .....#.....#######.##
....♣ ♣.♣.♣........###....#
..§.......#...#..###.###...
..♣.♣.♣.♣####...#...#..#.
.. ........# #..#...#...##.
....♣.♣.♣.♣ #.###.###..##.
..........# ##.. ###.......
♣)♣.♣##..###.###.....
.......#.{@###..#...#......
###..#####.................
.... ###..........#..#.†...
... ..............##.#.....
.. ...###..........#.......
. ## #....)............#.
#..###......P..)..#. #..
#.......PPP.... #..
#......♣♣♣P....


There were no monsters in sight!

Vanquished Creatures
  An orc priest (D:4)
  3 gnolls (D:3)
  An adder (D:3)
  2 worms (D:3)
  2 dart slugs
  6 orcs
  5 ball pythons
  5 endoplasms
  2 giant cockroaches
  5 goblins
  6 hobgoblins
  A jackal (D:4)
  A quokka (D:2)
  4 bats
  A frilled lizard (D:1)
  9 kobolds
54 creatures vanquished.

Vanquished Creatures (others)
  A plant (D:4)
1 creature vanquished.

Grand Total: 55 creatures vanquished

Notes
Turn   | Place    | Note
-------+----------+-------------------------------------------
     0 | D:1      | swilekon the Octopode Monk began the quest for the Orb.
     0 | D:1      | Reached XP level 1. HP: 16/16 MP: 1/1
   283 | D:1      | Reached XP level 2. HP: 17/21 MP: 2/2
   773 | D:1      | Found a faded altar of an unknown god.
  1365 | D:2      | Found Qomoth's Weapon Shop.
  1370 | D:2      | Bought a +0 rapier for 56 gold pieces
  1403 | D:2      | Reached XP level 3. HP: 26/26 MP: 3/3
  1447 | D:2      | Identified the +8 quarterstaff of the Extremes {speed,
                  | Str+7}
  1812 | D:2      | Found Dumeleito's Antique Armour Shoppe.
  2015 | D:3      | Got Vehumet's Verses on Blows and Bruises
  2185 | D:3      | Reached skill level 4 in Short Blades
  2185 | D:3      | Reached XP level 4. HP: 31/31 MP: 4/4
  2336 | D:3      | Found a shimmering blue altar of Sif Muna.
  2792 | D:4      | Reached XP level 5. HP: 16/37 MP: 5/5
  3133 | D:4      | Noticed Grinder
  3149 | D:4      | Killed from afar by Grinder

Illustrated notes

Levels and vault maps discovered:
D:1:      dpeg_arrival_round_b, layout_basic, shapermc_ecumenical_altar_ellora
D:2:      layout_basic, serial_shops, shop, nicolae_shop_bloodbath_and_beyond
D:3:      layout_loops_ring, nicolae_sif_muna_condensation,
          minmay_misc_feat_alley
D:4:      layout_cave_pools, chequers_temple_overflow_statue_of_worship,
          serial_forest, infiniplex_forest_clump_double,
          infiniplex_forest_corner_2, infiniplex_forest_zigzag_1,
          infiniplex_forest_clump_C, infiniplex_forest_lined_room_2,
          infiniplex_forest_straight_4, infiniplex_forest_end_2, minmay_between,
          uniq_grinder

Skill      XL: |  1  2  3 |
---------------+----------+-----
Short Blades   | 4 |  4.5
Fighting       | |  3.9
Dodging        | |  3.8
Stealth        | |  2.6

Action                   |  1- 3 |  4- 6 || total
-------------------------+-------+-------++-------
Melee: Short sword       |    30 |       ||    30
       Tentacles         |    11 |     8 ||    19
       Constrict         |    11 |     7 ||    18
       Rapier            |    31 |    44 ||    75
       Punch             |       |     1 ||     1
  Use: Scroll            |       |     9 ||     9
 Stab: Sleeping          |    12 |     6 ||    18
Armor: Skin              |     1 |     1 ||     2
Dodge: Dodged            |    30 |    18 ||    48
